 Dungeon Crawl Stone Soup version 0.31-a0-221-gbddc013574 (webtiles) character file.

Game seed: 10197191733641758206

37 qw the Shooter (level 3, -5/21 HPs)
             Began as a Gargoyle Hexslinger on July 4, 2023.
             Slain by a gnoll
             ... wielding a +0 flail
              (11 damage)
             ... on level 2 of the Dungeon.
             The game lasted 00:00:28 (1306 turns).

qw the Shooter (Gargoyle Hexslinger)                Turns: 1306, Time: 00:00:29

Health: -5/21      AC:  5    Str: 11    XL:     3   Next: 39%
Magic:  4/4        EV: 12    Int: 13    God:
Gold:   130        SH:  0    Dex: 14    Spells: 3/4 levels left

rFire   . . .        Y - +1 sling
rCold   . . .        (no shield)
rNeg    + + .        c - +0 robe
rPois   inf          (no helmet)
rElec   +            (no cloak)
rCorr   .            (no gloves)
SInv    .            (no boots)
Will    .....        e - amulet of faith
Stlth   +            h - ring of positive energy
HPRegen 0.23/turn    (no ring)
MPRegen 0.09/turn

%: faith
@: no status effects
A: sickness immunity, AC +3, negative energy resistance 1, electricity
resistance, torment resistance 1, petrification resistance
a: no special abilities


You were on level 2 of the Dungeon.
You visited 1 branch of the dungeon, and saw 2 of its levels.

You collected 130 gold pieces.


Innate Abilities, Weirdness & Mutations

You are immune to sickness and miasma.
Your stone body is resilient. (AC +3)
You are immune to poison.
You resist negative energy. (rN+)
You are resistant to electric shocks. (rElec)
You are resistant to unholy torment.
You are immune to petrification.


   Skills:
 - Level 2.0 Fighting
 + Level 3.3 Ranged Weapons
 - Level 1.5 Dodging
 - Level 1.0 Spellcasting
 - Level 2.6 Hexes


You had 3 spell levels left.
You knew the following spells:

 Your Spells              Type           Power      Damage    Failure   Level
a - Slow                  Hex            28%        N/A       10%         1

Your spell library contained the following spells:

 Spells                   Type           Power      Damage    Failure   Level
 Inner Flame              Hex/Fire       4%         N/A       43%         3
 Portal Projectile        Hex/Tloc       8%         N/A       43%         3
 Cause Fear               Hex            3%         N/A       67%         4

Inventory:

Hand Weapons
 Y - a +1 sling (weapon)
Armour
 b - a +0 ring mail
 c - a +0 robe (worn)
Jewellery
 e - an amulet of faith (around neck)
 h - a ring of positive energy (left hand)
Scrolls
 f - 2 scrolls of identify
Potions
 a - a potion of curing {unknown}
 g - a potion of heal wounds

Dungeon Overview and Level Annotations

Branches:
Dungeon (2/15)

Altars:


Message History

The kobold hits you but does no damage.
You shoot a sling bullet. The sling bullet hits the kobold.
The kobold is severely wounded.
The kobold closely misses you.
You shoot a sling bullet.
The sling bullet closely misses the kobold.
The kobold completely misses you.
A goblin comes into view. It is wielding a +0 club.
The gnoll misses you.
You shoot a sling bullet.
The sling bullet completely misses the kobold.
The kobold hits you with a +0 dagger. The gnoll misses you.
You shoot a sling bullet. The sling bullet hits the kobold.
You kill the kobold!
The gnoll barely misses you.
A giant cockroach comes into view.
The gnoll hits you with a +0 flail. The goblin hits you but does no damage.
You shoot a sling bullet.
The sling bullet closely misses the gnoll.
The goblin barely misses you. The gnoll barely misses you.
You shoot a sling bullet. The sling bullet hits the gnoll.
The gnoll is heavily wounded.
The goblin hits you with a +0 club. The gnoll barely misses you.
You shoot a sling bullet.
The sling bullet closely misses the gnoll.
The gnoll barely misses you.
A frilled lizard comes into view.
The goblin hits you with a +0 club.
You shoot a sling bullet.
The sling bullet barely misses the gnoll.
The gnoll hits you with a +0 flail. The goblin barely misses you.
The gnoll misses you. The goblin hits you but does no damage.
You shoot a sling bullet.
The sling bullet closely misses the gnoll.
The gnoll hits you with a +0 flail. The goblin hits you but does no damage.
You shoot a sling bullet.
The sling bullet barely misses the gnoll.
The gnoll hits you with a +0 flail!
Ouch! That really hurt!
You die...

#.....# #.# #.....# #.#
#.....# #.# #.....# #.##
..#.### ###..#####
#.#.#######........###
....##......######...###
#.####.#..###..g.###...######
#.##.....##...Bg@..##.......#
..##.##..#.....###..#..####.#
### ####.#..##.##.
##.##.####.###.. ........# #.
#..#........... ##.#....# #
#..#.####..##.. .....##.#.
#..#.......###. ###.....#..
#..#.#####.#... #...##.##.##
##.##.# #.#.#.
#...##..#..######..#..#
#.....


You could see a gnoll, a giant cockroach and a goblin.

Vanquished Creatures
  3 ball pythons (D:1)
  5 endoplasms (D:1)
  2 giant cockroaches (D:1)
  A goblin (D:1)
  3 hobgoblins (D:1)
  2 quokkas (D:1)
  5 bats
  5 frilled lizards
  7 kobolds
  2 rats (D:1)
35 creatures vanquished.

Notes
Turn   | Place    | Note
-------+----------+-------------------------------------------
     0 | D:1      | qw the Gargoyle Hexslinger began the quest for the Orb.
     0 | D:1      | Reached XP level 1. HP: 12/12 MP: 2/2
     0 | D:1      | 0 ||| qw: Version: 0.3-a-41-g9d075ac
     0 | D:1      | 0 ||| qw: Game counter: 777
     0 | D:1      | 0 ||| qw: Melee chars always use a shield: true
     0 | D:1      | 0 ||| qw: God list: Okawaru
     0 | D:1      | 0 ||| qw: Allow faded altars: false
     0 | D:1      | 0 ||| qw: Do Orc after clearing Dungeon:15 true
     0 | D:1      | 0 ||| qw: Do second Lair branch before Depths: true
     0 | D:1      | 0 ||| qw: Lair rune preference: random
     0 | D:1      | 0 ||| qw: Goals: Normal
     0 | D:1      | 0 ||| PLANNING D:1-11
   313 | D:1      | Reached XP level 2. HP: 13/16 MP: 3/3
   521 | D:1      | Reached skill level 3 in Ranged Weapons
   691 | D:1      | Reached XP level 3. HP: 21/21 MP: 4/4
   878 | D:1      | 878 ||| UPGRADING to amulet of faith.
   883 | D:1      | 883 ||| UPGRADING to ring of positive energy.
   884 | D:1      | 884 ||| READING scroll labelled JOUPSIRH OT XAGU.
   885 | D:1      | 885 ||| READING 4 scrolls labelled COEWYV YLE.
   886 | D:1      | 886 ||| READING 3 scrolls of identify.
   886 | D:1      | 886 ||| IDENTIFYING emerald potion
   887 | D:1      | 887 ||| DROPPING scroll of poison.
  1306 | D:2      | Slain by a gnoll

Levels and vault maps discovered:
D:1:      amcnicky_arrival_choice, layout_loops_corners,
          corexii_item_surrounded_by_moat
D:2:      layout_loops_cross, minmay_randomly_rotated_circles

Skill      XL: |  1  2 |
---------------+-------+-----
Ranged Weapons | 3 |  3.3
Fighting       | 2 |  2.0
Dodging        | |  1.5
Spellcasting   | |  1.0
Hexes          | |  2.6

Action                     || total
---------------------------++-------
   Fire: Sling             ||   119
    Use: Scroll            ||     3
 Armour: Robe              ||    30
  Dodge: Dodged            ||    50

Table legend:
 A = Non-vault XP
 B = Vault XP
 C = Vault XP percentage of total XP
 D = Non-vault monster count
 E = Vault monster count
 F = Vault count percentage of total count
                 A         B        C        D         E       F
            +---------+---------+-------+---------+---------+-------
      Total |      51 |       2 |   3.8 |      34 |       1 |   2.9
            +---------+---------+-------+---------+---------+-------
        D:1 |      46 |       0 |   0.0 |      29 |       0 |   0.0
        D:2 |       5 |       2 |  28.6 |       5 |       1 |  16.7
            +---------+---------+-------+---------+---------+-------
